 Dungeon Crawl Stone Soup version 0.31-a0-691-g409c26aa35 (webtiles) character file.

Game seed: 6671350717241365542

1670 lunkers the Martial Artist (level 9, -2/96 HPs)
             Began as a Meteoran Shapeshifter on Sept 6, 2023.
             Slain by a vampire mosquito (6 damage)
             ... on level 8 of the Dungeon.
             The game lasted 00:08:20 (2679 turns).

lunkers the Martial Artist (Meteoran Shapeshifter)  Turns: 2679, Time: 00:08:21

Health: -2/96      AC: 24    Str: 18    XL:     9   Next: 44%
Magic:  2/10       EV:  2    Int: 13    God:
Gold:   508        SH:  0    Dex: 17    Spells: 8/8 levels left

rFire   . .          .
                       - Unarmed
rCold   . . .        (no shield)
rNeg    + . .        r - melded +0 ring mail
rPois   +            (helmet currently unavailable)
rElec   .            (cloak currently unavailable)
rCorr   .            o - melded +1 pair of gloves {infuse}
SInv    .            (boots currently unavailable)
Will    +....        (no amulet)
Stlth   +            p - ring "Aseap" {Fly rN+ Str+2}
HPRegen 0.36/turn    y - +5 ring of evasion
MPRegen 0.12/turn

%: no passive effects
@: tree-form, glowing
A: stationary, stasis, torment immunity, boosted hp, sense surroundings 2,
otherworldly, glowing, explore regen
a: no special abilities


You were on level 8 of the Dungeon.
You were a tree.
You visited 1 branch of the dungeon, and saw 8 of its levels.

You collected 508 gold pieces.

Inventory:

Missiles
 k - 4 curare-tipped darts
 t - 2 throwing nets
Armour
 a - a +0 animal skin
 i - a +0 buckler
 o - a +1 pair of gloves of infusion (melded)
 r - a +0 ring mail (melded)
Jewellery
 n - a ring of wizardry
 p - the ring "Aseap" (left branch) {Fly rN+ Str+2}
   (You found it on level 3 of the Dungeon)

   [ring of flight]

   Str+2:     It affects your strength (+2).
   rN+:       It protects you from negative energy.
   Fly:       It grants you flight.
 w - a ring of see invisible
 y - a +5 ring of evasion (right branch)
Talismans
 c - a beast talisman
 d - a flux talisman
Wands
 s - a wand of roots (19)
Scrolls
 e - a scroll of fog
 f - 4 scrolls of teleportation
 h - a scroll of revelation {unknown}
 l - 3 scrolls of poison
 m - 2 scrolls of enchant weapon
 v - a scroll of silence {unknown}
 x - a scroll of noise
 A - a scroll of vulnerability
Potions
 g - 2 potions of enlightenment
 j - a potion of attraction {unknown}
 q - a potion of ambrosia {unknown}
 u - 2 potions of heal wounds
 z - 2 potions of curing


   Skills:
 - Level 1.1 Fighting
 - Level 2.1 Dodging
 * Level 11.3 Unarmed Combat
 + Level 8.0 Shapeshifting


You had 8 spell levels left.
You didn't know any spells.
Your spell library contained the following spells:

 Spells                   Type           Power      Damage    Failure   Level
 Foxfire                  Conj/Fire      0%         2x1d4     30%         1
 Plasma Beam              Fire/Air       0%         2x1d10    100%        6
 Starburst                Conj/Fire      0%         6d3       100%        6


Dungeon Overview and Level Annotations

Branches:
Dungeon (8/15) Zot: 2168
 Temple: D:4-7         Lair: D:8-11

Altars:
Kikubaaqudgha
Nemelex Xobeh
Zin

Portals:
Bailey: D:8


Innate Abilities, Weirdness & Mutations

You are a tree.
Your roots penetrate the ground, keeping you stationary.
You cannot be teleported.
You are immune to unholy pain and torment.
Your maximum health is greatly increased.
Your equipment is partially melded.
You passively map the area around you.
You are easily found by Zot.
You glow in the dark.
You regain HP and MP as you explore.


Message History

Unknown command.
You hit the vampire mosquito.
The vampire mosquito begins to glow.
The vampire mosquito is moderately damaged.
The vampire mosquito bites you.
* * * LOW HITPOINT WARNING * * *
The vampire mosquito draws strength from your injuries!
You barely miss the vampire mosquito.
The vampire mosquito is moderately damaged.
The vampire mosquito bites you.
* * * LOW HITPOINT WARNING * * *
The vampire mosquito draws strength from your injuries!
The vampire mosquito misses you.
You hit the vampire mosquito.
The vampire mosquito glows dangerously bright.
The vampire mosquito is moderately damaged.
The vampire mosquito bites you.
* * * LOW HITPOINT WARNING * * *
You barely miss the vampire mosquito.
The vampire mosquito is moderately damaged.
The vampire mosquito misses you. The vampire mosquito barely misses you.
Unknown command.
You barely miss the vampire mosquito.
The vampire mosquito is moderately damaged.
The vampire mosquito bites you.
* * * LOW HITPOINT WARNING * * *
The vampire mosquito draws strength from your injuries!
* * * LOW MAGIC WARNING * * *
You punch the vampire mosquito!
The vampire mosquito shudders as magic cascades through it.
The vampire mosquito is heavily damaged.
The vampire mosquito bites you.
* * * LOW HITPOINT WARNING * * *
The vampire mosquito draws strength from your injuries!
The vampire mosquito bites you but does no damage.
Your transformation has ended.
You turn into a tree.
Your +1 pair of gloves of infusion melds into your body.
Your +0 ring mail melds into your body.
You feel magic leave your hands.
Your roots penetrate the ground.
The vampire mosquito bites you.
You die...

#.#.)# ..# .., , ,
* #.#))# #.#.. , ,,
, #.#..# #.#. * * ,
###.#..# #.^ , _ ,
,, , , , #...#..#
#(# , , * ,
#.###..###.# , *, *
#.# #......# ,,, ,
* #.#
##.#...#########..#
** , #.#
#.#........♣yy...#
#<#
#.#.##############
* #.# #...# #.#
###.# #.# #.# * *
#.# #.# * , #.# #.*
* ...** #. * ... **
* *


You could see 2 vampire mosquitoes.

Vanquished Creatures
  Grinder (D:5)
  A vampire mosquito (D:8)
  A sky beast (D:7)
  An ice beast (D:7)
  2 centaurs
  Blork the orc (D:6)
  4 bullfrogs
  2 wights (D:8)
  A howler monkey (D:6)
  4 hounds
  An orc priest (D:6)
  A jelly (D:5)
  A gnoll bouda (D:6)
  An iguana (D:4)
  2 orc wizards
  6 adders
  7 gnolls
  A shadow imp (D:7)
  An ufetubus (D:5)
  6 dart slugs
  5 worms
  9 orcs
  4 ball pythons
  4 bats
  7 endoplasms
  2 giant cockroaches
  9 goblins
  6 hobgoblins
  4 jackals
  2 quokkas
  3 frilled lizards
  10 kobolds
  2 rats
112 creatures vanquished.

Notes
Turn   | Place    | Note
-------+----------+-------------------------------------------
     0 | D:1      | lunkers the Meteoran Shapeshifter began the quest for the
                  | Orb.
     0 | D:1      | Reached XP level 1. HP: 16/16 MP: 2/2
    54 | D:1      | Reached skill level 4 in Unarmed Combat
    54 | D:1      | Reached XP level 2. HP: 23/23 MP: 3/3
   165 | D:1      | Reached XP level 3. HP: 26/28 MP: 4/4
   503 | D:1      | Glimpsed the power of Zot.
   595 | D:2      | Reached XP level 4. HP: 35/35 MP: 5/5
   619 | D:2      | Reached skill level 5 in Unarmed Combat
  1039 | D:3      | Reached XP level 5. HP: 40/40 MP: 6/6
  1193 | D:3      | Identified the ring "Aseap" {Fly rN+ Str+2}
  1227 | D:3      | Found a faded altar of an unknown god.
  1425 | D:4      | Reached skill level 6 in Unarmed Combat
  1476 | D:5      | Entered Level 5 of the Dungeon
  1514 | D:5      | Reached XP level 6. HP: 28/47 MP: 3/7
  1523 | D:5      | Reached skill level 5 in Shapeshifting
  1572 | D:5      | Noticed Grinder
  1576 | D:5      | Paralysed by Grinder for 4 turns
  1585 | D:5      | Killed Grinder
  1586 | D:5      | Reached skill level 7 in Unarmed Combat
  1586 | D:5      | Reached XP level 7. HP: 38/52 MP: 1/8
  1903 | D:5      | Found a glowing silver altar of Zin.
  2030 | D:6      | Found an ancient bone altar of Kikubaaqudgha.
  2036 | D:6      | Reached skill level 8 in Unarmed Combat
  2062 | D:6      | Reached XP level 8. HP: 52/59 MP: 0/9
  2099 | D:6      | Found a sparkling altar of Nemelex Xobeh.
  2154 | D:6      | Noticed Blork the orc
  2169 | D:6      | Killed Blork the orc
  2170 | D:6      | Reached skill level 9 in Unarmed Combat
  2478 | D:7      | Reached skill level 10 in Unarmed Combat
  2508 | D:7      | Gained mutation: You passively map the area around you.
                  | [Meteoran growth]
  2508 | D:7      | Reached XP level 9. HP: 54/64 MP: 6/10
  2622 | D:8      | Found a flagged portal.
  2646 | D:8      | Reached skill level 11 in Unarmed Combat
  2678 | D:8      | HP: 2/64 [vampire mosquito (4)]
  2679 | D:8      | Slain by a vampire mosquito

Illustrated notes

Levels and vault maps discovered:
D:1:      tekkud_arrival_beachfront_property, layout_loops_ring, serial_glass,
          glass_columns_a, glass_columns_c
D:2:      layout_basic
D:3:      layout_loops_corners, grunt_dithmenos_smoke,
          shapermc_ecumenical_altar_mp_urbaneastern
D:4:      layout_cave_pools, minmay_temple_entry_mini_moons
D:5:      layout_cave_pools, zin_statuary, chequers_serial_rivers_micro_d,
          grunt_decor_clamped, dk_noncrumbling_4, uniq_grinder
D:6:      layout_rooms, mainiacjoe_overflow_brackets, mainiacjoe_overflow_swirl,
          uniq_blork_the_orc
D:7:      layout_cave_pools, amethyst_overflow_temple_binary, minmay_hedge_maze,
          kennysheep_generic_room_2
D:8:      layout_loops_ring, lemuel_tele_altar, lair_entry_dummy,
          enter_bailey_5, uniq_erica

Skill      XL: |  1  2  3  4  5  6  7  8  9 |
---------------+----------------------------+-----
Unarmed Combat | 4 5 6 7 8 10 11 | 11.3
Shapeshifting  | 4 5 6 7 8 |  8.0
Fighting       | |  1.1
Dodging        | |  2.1

Action                     |  1- 3 |  4- 6 |  7- 9 || total
---------------------------+-------+-------+-------++-------
  Melee: Unarmed           |    67 |   125 |   165 ||   357
         Punch             |     3 |     3 |       ||     6
    Use: Scroll            |       |       |    11 ||    11
         Potion            |       |       |     1 ||     1
 Armour: Animal skin       |    20 |    35 |       ||    55
         Ring mail         |       |    21 |   130 ||   151
         Skin              |       |       |     1 ||     1
  Dodge: Dodged            |    44 |    53 |   111 ||   208
   Form: Flux              |       |     1 |       ||     1

Table legend: (Time is in decaauts)
 A = Elapsed time spent in this place.
 B = Non-inter-level travel time spent in this place.
 C = Inter-level travel time spent in this place.
 D = Time resting spent in this place.
 E = Time spent auto-exploring this place.
 F = Levels seen in this place.
 G = Mean time per level.
                   A        B        C        D        E       F      G
               +--------+--------+--------+--------+--------+-----+--------+
         Total |   2630 |   2591 |     39 |      0 |   1734 |   8 |  328.8 |
       Dungeon |   2630 |   2591 |     39 |      0 |   1734 |   8 |  328.8 |
               +--------+--------+--------+--------+--------+-----+--------+

Top non-repeatable levels by time:
     D:1: 513 daAuts
     D:3: 455 daAuts
     D:5: 432 daAuts
     D:6: 423 daAuts
     D:2: 304 daAuts
     D:7: 247 daAuts
     D:4: 187 daAuts
     D:8: 67 daAuts
